 Dungeon Crawl Stone Soup version 0.23.2-33-g5129a83184 (webtiles) character file.

Game seed: 13800072765111113057

350 troglodite the Charmwright (level 6, -4/51 HPs)
             Began as a Gnoll Skald on June 27, 2019.
             Killed from afar by Sigmund (8 damage)
             ... with a magic dart
             ... on level 4 of the Dungeon.
             The game lasted 00:09:58 (4537 turns).

troglodite the Charmwright (Gnoll Skald)            Turns: 4537, Time: 00:09:58

Health: -4/51      AC:  8    Str: 14    XL:     6   Next: 60%
Magic:  13/14      EV: 14    Int: 17    God:
Gold:   162        SH:  4    Dex: 14    Spells: 8/15 levels left

rFire    . . .     SeeInvis .   a - +0 spear
rCold    . . .     Gourm    .   n - +0 buckler
rNeg     . . .     Faith    .   u - +3 leather armour
rPois    .         Spirit   .   b - +0 helmet
rElec    .         Reflect  .   v - +0 cloak
rCorr    .         Harm     .   (no gloves)
MR       .....                  (no boots)
Stlth    ++........             (no amulet)
HPRegen  0.17/turn              (no ring)
MPRegen  0.14/turn              (no ring)

@: lethally poisoned (-4 -> -27)
A: distributed training, fangs 1, strong nose
a: no special abilities


You were on level 4 of the Dungeon.
You were very hungry.

You visited 1 branch of the dungeon, and saw 4 of its levels.

You collected 162 gold pieces.

Inventory:

Hand Weapons
 a - a +0 spear (weapon)
Missiles
 m - 25 sling bullets
Armour
 b - a +0 helmet (worn)
 n - a +0 buckler (worn)
 u - a +3 leather armour (worn)
 v - a +0 cloak (worn)
Scrolls
 e - 4 scrolls of remove curse {unknown}
 f - 2 scrolls of amnesia {unknown}
 g - 3 scrolls of identify {unknown}
 k - a scroll of fog {unknown}
 l - 4 scrolls of fear {unknown}
 q - a scroll of blinking {unknown}
 t - a scroll of noise {unknown}
Potions
 c - 2 potions of degeneration {unknown}
 h - a potion of lignification {unknown}
 i - a potion of agility {unknown}
 j - a potion of ambrosia {unknown}
 o - a potion of haste {unknown}
 p - a potion of brilliance {unknown}
 r - a potion of resistance {unknown}
Comestibles
 d - 6 rations


   Skills:
 + Level 5.0 Fighting
 + Level 2.0 Short Blades
 + Level 2.0 Long Blades
 + Level 2.0 Axes
 + Level 2.0 Maces & Flails
 + Level 5.0 Polearms
 + Level 2.0 Staves
 + Level 2.0 Slings
 + Level 2.0 Bows
 + Level 2.0 Crossbows
 + Level 2.0 Throwing
 + Level 3.2 Armour
 + Level 5.0 Dodging
 + Level 2.0 Stealth
 + Level 2.0 Shields
 + Level 2.0 Unarmed Combat
 + Level 5.4 Spellcasting
 + Level 1.5 Conjurations
 + Level 1.5 Hexes
 + Level 5.6 Charms
 + Level 1.5 Summonings
 + Level 1.5 Necromancy
 + Level 1.5 Translocations
 + Level 1.5 Transmutations
 + Level 1.5 Fire Magic
 + Level 1.5 Ice Magic
 + Level 1.5 Air Magic
 + Level 1.5 Earth Magic
 + Level 1.5 Poison Magic
 + Level 2.2 Invocations
 + Level 2.0 Evocations


You had 8 spell levels left.
You knew the following spells:

 Your Spells              Type           Power        Failure   Level  Hunger
a - Infusion              Chrm           ###.         2%          1    None
b - Spectral Weapon       Hex/Chrm       ###.....     16%         3    ##.....
c - Regeneration          Chrm/Necr      ###.......   16%         3    ##.....

Your spell library contained the following spells:

 Spells                   Type           Power        Failure   Level  Hunger
 Song of Slaying          Chrm           ###.....     3%          2    #......
 Shroud of Golubria       Chrm/Tloc      ###.......   8%          2    #......


Dungeon Overview and Level Annotations

Branches:
Dungeon (4/15)
 Temple: D:4-7

Altars:
Wu Jian

Annotations:
D:3 Natasha
D:4 Sigmund


Innate Abilities, Weirdness & Mutations

Your experience applies equally to all skills.
You have very sharp teeth.
Your uncanny sense of smell can sniff out nearby items.


Message History

You are more poisoned.
You hit something.
You feel sick.
Your shield prevents you from hitting something.
You feel sick. Something hits you.
You are lethally poisoned!
You closely miss something.
You feel sick.
You closely miss something.
You feel sick.
You hear some strange, mumbled words.
A magic dart appears from out of thin air!
The magic dart hits you but does no damage.
You hit something but do no damage.
You feel sick. Something hits you!
* * * LOW HITPOINT WARNING * * *
You closely miss something.
* * * LOW HITPOINT WARNING * * *
You feel sick.
* * * LOW HITPOINT WARNING * * *
You feel sick.
A magic dart appears from out of thin air!
The magic dart hits you!
You die...

#.# #.###.### #[##.##.# #.#
#.###.# #.##.##.#
#.#####.....######.......#
##.......######........####
#...............########
#..#...........#.############
##.........#####.............#
.s..#......{.(##..............
#.........##@##.......#.###.#
.....#..#....................
#.####'####...#.......#..#..#
.... #...#.......#..#...
...... #...#.............#
...≈⌠...#...####[####.##.##
.§§§≈§..#...#......##.##.##
#.§§≈≈⌠..#...#.##.#.##......
#...⌠≈..@#..........##......


You could see a friendly spectral +0 spear.

Vanquished Creatures
  An orc priest (D:2)
  Jessica (D:2)
  Terence (D:3)
  Natasha (D:3)
  3 orc wizards
  A worker ant (D:4)
  A howler monkey skeleton (D:3)
  An adder (D:3)
  3 worms (D:2)
  2 dart slugs
  4 leopard geckos
  16 orcs
  6 giant cockroaches
  8 goblins
  9 hobgoblins
  6 jackals
  7 kobolds
  A quokka (D:2)
  9 bats
  4 frilled lizards
  10 rats
95 creatures vanquished.

Notes
Turn   | Place    | Note
-------+----------+-------------------------------------------
     0 | D:1      | troglodite the Gnoll Skald began the quest for the Orb.
     0 | D:1      | Reached XP level 1. HP: 20/20 MP: 6/6
   175 | D:1      | Reached XP level 2. HP: 16/26 MP: 7/7
   641 | D:1      | Reached XP level 3. HP: 31/31 MP: 9/9
   659 | D:1      | Learned a level 3 spell: Spectral Weapon
   791 | D:1      | Reached skill level 5 in Spellcasting
  1177 | D:2      | Reached skill level 1 in Short Blades
  1177 | D:2      | Reached skill level 1 in Long Blades
  1177 | D:2      | Reached skill level 1 in Axes
  1177 | D:2      | Reached skill level 1 in Maces & Flails
  1177 | D:2      | Reached skill level 1 in Staves
  1177 | D:2      | Reached skill level 1 in Slings
  1177 | D:2      | Reached skill level 1 in Bows
  1177 | D:2      | Reached skill level 1 in Crossbows
  1177 | D:2      | Reached skill level 1 in Throwing
  1177 | D:2      | Reached skill level 1 in Stealth
  1177 | D:2      | Reached skill level 1 in Shields
  1177 | D:2      | Reached skill level 1 in Unarmed Combat
  1177 | D:2      | Reached skill level 1 in Invocations
  1177 | D:2      | Reached skill level 1 in Evocations
  1177 | D:2      | Reached XP level 4. HP: 26/38 MP: 0/11
  1675 | D:2      | Reached skill level 1 in Conjurations
  1675 | D:2      | Reached skill level 1 in Hexes
  1675 | D:2      | Reached skill level 1 in Summonings
  1675 | D:2      | Reached skill level 1 in Necromancy
  1675 | D:2      | Reached skill level 1 in Translocations
  1675 | D:2      | Reached skill level 1 in Transmutations
  1675 | D:2      | Reached skill level 1 in Fire Magic
  1675 | D:2      | Reached skill level 1 in Ice Magic
  1675 | D:2      | Reached skill level 1 in Air Magic
  1675 | D:2      | Reached skill level 1 in Earth Magic
  1675 | D:2      | Reached skill level 1 in Poison Magic
  1911 | D:2      | Noticed Jessica
  1924 | D:2      | Killed Jessica
  1924 | D:2      | Reached XP level 5. HP: 17/43 MP: 4/12
  1933 | D:2      | Learned a level 3 spell: Regeneration
  2156 | D:3      | Noticed Natasha
  2168 | D:3      | Killed Natasha
  2418 | D:3      | Noticed Terence
  2431 | D:3      | Killed Terence
  2721 | D:3      | Found an ornate altar of the Wu Jian Council.
  2744 | D:3      | Noticed Natasha
  2759 | D:3      | Reached XP level 6. HP: 26/50 MP: 7/13
  3480 | D:4      | Reached skill level 5 in Fighting
  3480 | D:4      | Reached skill level 5 in Polearms
  3480 | D:4      | Reached skill level 5 in Dodging
  4510 | D:4      | Noticed Sigmund
  4537 | D:4      | Killed from afar by Sigmund

Skill      XL: |  1  2  3  4  5  6 |
---------------+-------------------+-----
Spellcasting   | 5 |  5.4
Short Blades   | 1 2 |  2.0
Long Blades    | 1 2 |  2.0
Axes           | 1 2 |  2.0
Maces & Flails | 1 2 |  2.0
Staves         | 1 2 |  2.0
Slings         | 1 2 |  2.0
Bows           | 1 2 |  2.0
Crossbows      | 1 2 |  2.0
Throwing       | 1 2 |  2.0
Stealth        | 1 2 |  2.0
Shields        | 1 2 |  2.0
Unarmed Combat | 1 2 |  2.0
Invocations    | 1 2 |  2.2
Evocations     | 1 2 |  2.0
Conjurations   | 1 |  1.5
Hexes          | 1 |  1.5
Summonings     | 1 |  1.5
Necromancy     | 1 |  1.5
Translocations | 1 |  1.5
Transmutations | 1 |  1.5
Fire Magic     | 1 |  1.5
Ice Magic      | 1 |  1.5
Air Magic      | 1 |  1.5
Earth Magic    | 1 |  1.5
Poison Magic   | 1 |  1.5
Armour         | 3 |  3.2
Fighting       | 5 |  5.0
Polearms       | 5 |  5.0
Dodging        | 5 |  5.0
Charms         | |  5.6

Action                   |  1- 3 |  4- 6 || total
-------------------------+-------+-------++-------
Melee: Spear             |   124 |   278 ||   402
       Bite              |     9 |    21 ||    30
 Cast: Spectral Weapon   |     1 |     9 ||    10
       Regeneration      |       |     4 ||     4
 Stab: Sleeping          |     2 |     4 ||     6
       Distracted        |       |     2 ||     2
  Eat: Chunk             |     1 |    11 ||    12
Armor: Leather armour    |    23 |    40 ||    63
Dodge: Dodged            |    64 |   136 ||   200
Block: Buckler           |       |    41 ||    41
